 Dungeon Crawl Stone Soup version 0.24.0-1-gfbc8707 (webtiles) character file.

Game seed: 10008971012487277755, levelgen mode: deterministic

3880 bonscott the Reanimator (level 10, -8/73 HPs)
             Began as a Gnoll Necromancer on Oct 27, 2019.
             Was a Believer of Cheibriados.
             Mangled by an orc warrior
             ... wielding a +0 halberd
              (18 damage)
             ... on level 9 of the Dungeon.
             The game lasted 01:04:50 (9077 turns).

bonscott the Reanimator (Gnoll Necromancer)         Turns: 9077, Time: 01:04:51

Health: -8/73      AC:  8    Str: 23    XL:     10   Next: 19%
Magic:  20/20      EV: 17    Int: 22    God:    Cheibriados [**....]
Gold:   574        SH:  6    Dex: 21    Spells: 12/23 levels left

rFire    . . .     SeeInvis .   d - +2 short sword (protect)
rCold    . . .     Gourm    .   F - +0 buckler
rNeg     . . .     Faith    .   E - +1 leather armour of Ysaagiedd {Str+4}
rPois    .         Spirit   .   u - +0 helmet
rElec    .         Reflect  .   q - +0 cloak
rCorr    +         Harm     .   (no gloves)
MR       .....                  i - +0 pair of boots
Stlth    ++++......             (no amulet)
HPRegen  0.22/turn              (no ring)
MPRegen  0.17/turn              B - ring of resist corrosion

@: very slow
A: distributed training, fangs 1, strong nose
a: Bend Time, Renounce Religion


You were on level 9 of the Dungeon.
You worshipped Cheibriados.
Cheibriados was pleased with you.
You were not hungry.

You visited 2 branches of the dungeon, and saw 10 of its levels.

You collected 574 gold pieces.

Inventory:

Hand Weapons
 d - a +2 short sword of protection (weapon)
 e - a +3 falchion
 o - a +2 dire flail of draining
 r - a +1 hand axe of electrocution
 t - a +0 dagger of venom
 v - a +0 hunting sling
 D - a +0 broad axe
 P - a +2 trident of holy wrath
Missiles
 a - 4 boomerangs
 b - 320 stones (quivered)
 k - 211 arrows
 y - 4 javelins
 A - 45 sling bullets
 K - 107 bolts
 R - 5 datura-tipped darts
Armour
 i - a +0 pair of boots (worn)
 q - a +0 cloak (worn)
 u - a +0 helmet (worn)
 C - a +2 hat
 E - the +1 leather armour of Ysaagiedd (worn) {Str+4}
   (You found it on level 4 of the Dungeon)

   It affects your strength (+4).
 F - a +0 buckler (worn)
 J - a cursed +0 robe
Jewellery
 B - a ring of resist corrosion (right hand)
 L - an uncursed ring of fire {unknown}
Wands
 w - a wand of iceblast (12)
 x - a wand of flame (27)
 H - a wand of paralysis (8)
 I - a wand of acid (6)
 S - a wand of clouds (5)
Scrolls
 f - a scroll of enchant weapon {unknown}
 g - a scroll of identify
 h - a scroll of immolation
 j - a scroll of teleportation {unknown}
 l - a scroll of noise {unknown}
 m - 2 scrolls of magic mapping
 p - a scroll of fear {unknown}
Potions
 n - a potion of cancellation
 s - 2 potions of ambrosia
 z - 3 potions of curing
 G - a potion of heal wounds
 M - a potion of agility
 N - a potion of lignification {unknown}
 Q - 2 potions of brilliance
Comestibles
 c - 16 rations
 O - 11 chunks of flesh


   Skills:
 + Level 4.9 Fighting
 + Level 4.9 Short Blades
 + Level 4.9 Long Blades
 + Level 4.9 Axes
 + Level 4.9 Maces & Flails
 + Level 4.9 Polearms
 + Level 4.9 Staves
 + Level 4.9 Slings
 + Level 4.9 Bows
 + Level 4.9 Crossbows
 + Level 4.9 Throwing
 + Level 4.9 Armour
 + Level 6.8 Dodging
 + Level 6.5 Stealth
 + Level 4.9 Shields
 + Level 4.9 Unarmed Combat
 + Level 7.1 Spellcasting
 + Level 4.1 Conjurations
 + Level 4.1 Hexes
 + Level 4.1 Charms
 + Level 4.1 Summonings
 + Level 8.3 Necromancy
 + Level 4.1 Translocations
 + Level 4.1 Transmutations
 + Level 4.1 Fire Magic
 + Level 4.1 Ice Magic
 + Level 4.1 Air Magic
 + Level 4.1 Earth Magic
 + Level 4.1 Poison Magic
 + Level 5.4 Invocations
 + Level 4.9 Evocations


You had 12 spell levels left.
You knew the following spells:

 Your Spells              Type           Power        Failure   Level  Hunger
a - Apportation           Tloc           ####..       1%          1    None
b - Blink                 Tloc           N/A          2%          2    None
d - Animate Dead          Necr           N/A          3%          4    ###....
p - Pain                  Necr           ####         1%          1    None
r - Regeneration          Chrm/Necr      #####.....   1%          3    None

Your spell library contained the following spells:

 Spells                   Type           Power        Failure   Level  Hunger
 Animate Skeleton         Necr           N/A          1%          1    None
 Confusing Touch          Hex            ####..       1%          1    None
 Magic Dart               Conj           ####         1%          1    None
 Summon Small Mammal      Summ           ####         1%          1    None
 Vampiric Draining        Necr           #####.....   1%          3    None
 Call Imp                 Summ           ####....     2%          2    None
 Slow                     Hex            ####....     2%          2    None
 Conjure Flame            Conj/Fire      ####....     4%          3    None
 Mephitic Cloud           Conj/Pois/Air  ####....     4%          3    None


Dungeon Overview and Level Annotations

Branches:
Dungeon (9/15)             Temple (1/1) D:5
   Lair: D:8-11         Orc: D:9-12

Altars:
Cheibriados
Dithmenos
Elyvilon
Fedhas
Gozag
Makhleb
Okawaru
Qazlal
Ru
Sif Muna
Trog
Wu Jian
Xom
Zin
The Shining One

Shops:
D:4 (   D:5 %

Annotations:
D:4 Menkaure
D:8 3 runed translucent doors, Caerwyn's ghost, novice VSFi


Innate Abilities, Weirdness & Mutations

Your experience applies equally to all skills.
You have very sharp teeth.
Your uncanny sense of smell can sniff out nearby items.


Message History

The orc wizard blinks!
The orc wizard barely misses you.
The orc wizard gestures wildly while chanting.
The orc wizard blinks!
You block the quokka skeleton's attack.
The orc wizard casts a spell.
The orc wizard blinks!
The orc warrior hits you from afar with a +0 halberd.
* * * LOW HITPOINT WARNING * * *
The quokka skeleton misses you.
The orc wizard gestures at you while chanting.
The magic dart hits you but does no damage.
The orc wizard points at you and mumbles some strange words.
The magic dart hits you!
* * * LOW HITPOINT WARNING * * *
The orc wizard casts a spell.
The orc wizard blinks!
The orc wizard gestures at you while chanting.
You easily resist.
You block the quokka skeleton's attack.
The orc warrior hits you from afar with a +0 halberd!!
You die...

#.............#
#.###########.# #.#
#.......#.# #.# #.# #.#.#
##.###.### #.#÷# .
#........###.#.###..
#######o[....#.#..........
#<)..................###..
######...@Zo.........###..
#...............#....
#..........>.........
#.......§.......#.###
##..............#.#
#..............#.#
#.............##Z#
#.............##o#
#######.......##.#


You could see an orc warrior, an orc wizard and a quokka skeleton.

Vanquished Creatures
  A two-headed ogre (D:7)
  Duvessa (D:4)
  An ice beast (D:6)
  A sky beast (D:5)
  2 orc warriors
  3 phantoms
  3 ogres
  A centaur (D:9)
  6 bullfrogs
  Blork the orc (D:5)
  A water moccasin skeleton (D:6)
  2 scorpions
  Dowan (D:4)
  5 killer bees (D:8)
  4 crimson imps
  2 bullfrog zombies
  A jelly (D:8)
  A quasit (D:6)
  3 orc priests
  Crazy Yiuf (D:2)
  A centaur skeleton (D:4)
  A gnoll shaman (D:3)
  A hound (D:9)
  9 orc wizards
  A bullfrog skeleton (D:4)
  An iguana (D:9)
  Jessica (D:3)
  Terence (D:3)
  6 worker ants
  Natasha (thrice) (D:3)
  Robin (D:2)
  5 gnolls
  9 adders
  2 shadow imps
  2 adder skeletons (D:5)
  3 worms
  A dart slug (D:3)
  3 leopard geckos
  26 orcs
  5 giant cockroaches
  19 goblins
  5 hobgoblins
  8 jackals
  6 quokkas
  3 ball pythons
  2 bats
  5 frilled lizards
  8 kobolds
  15 rats
194 creatures vanquished.

Vanquished Creatures (others)
  4 fungi (D:9)
4 creatures vanquished.

Grand Total: 198 creatures vanquished

Notes
Turn   | Place    | Note
-------+----------+-------------------------------------------
     0 | D:1      | bonscott the Gnoll Necromancer began the quest for the Orb.
     0 | D:1      | Reached XP level 1. HP: 13/13 MP: 6/6
   257 | D:1      | Reached XP level 2. HP: 16/19 MP: 3/7
   986 | D:1      | Reached XP level 3. HP: 25/25 MP: 7/9
  1112 | D:2      | Reached skill level 5 in Spellcasting
  1191 | D:2      | Reached skill level 1 in Invocations
  1428 | D:2      | Found a burning altar of Makhleb.
  1428 | D:2      | Found a shimmering altar of Xom.
  1479 | D:2      | Reached skill level 1 in Fighting
  1479 | D:2      | Reached skill level 1 in Short Blades
  1479 | D:2      | Reached skill level 1 in Long Blades
  1479 | D:2      | Reached skill level 1 in Axes
  1479 | D:2      | Reached skill level 1 in Maces & Flails
  1479 | D:2      | Reached skill level 1 in Polearms
  1479 | D:2      | Reached skill level 1 in Staves
  1479 | D:2      | Reached skill level 1 in Slings
  1479 | D:2      | Reached skill level 1 in Bows
  1479 | D:2      | Reached skill level 1 in Crossbows
  1479 | D:2      | Reached skill level 1 in Throwing
  1479 | D:2      | Reached skill level 1 in Armour
  1479 | D:2      | Reached skill level 1 in Shields
  1479 | D:2      | Reached skill level 1 in Unarmed Combat
  1479 | D:2      | Reached skill level 1 in Evocations
  1621 | D:2      | Found a runed translucent door.
  1622 | D:2      | Noticed Crazy Yiuf
  1630 | D:2      | Killed Crazy Yiuf
  1630 | D:2      | Reached XP level 4. HP: 21/32 MP: 4/11
  2127 | D:2      | Reached skill level 1 in Conjurations
  2127 | D:2      | Reached skill level 1 in Hexes
  2127 | D:2      | Reached skill level 1 in Charms
  2127 | D:2      | Reached skill level 1 in Summonings
  2127 | D:2      | Reached skill level 1 in Translocations
  2127 | D:2      | Reached skill level 1 in Transmutations
  2127 | D:2      | Reached skill level 1 in Fire Magic
  2127 | D:2      | Reached skill level 1 in Ice Magic
  2127 | D:2      | Reached skill level 1 in Air Magic
  2127 | D:2      | Reached skill level 1 in Earth Magic
  2127 | D:2      | Reached skill level 1 in Poison Magic
  2188 | D:2      | Noticed Robin
  2397 | D:2      | Killed Robin
  2397 | D:2      | Reached XP level 5. HP: 33/37 MP: 7/12
  2605 | D:3      | Noticed Terence
  2613 | D:3      | Killed Terence
  2650 | D:3      | Noticed Natasha
  2714 | D:3      | Killed Natasha
  2859 | D:3      | Found a stormy altar of Qazlal.
  2909 | D:3      | Noticed Jessica
  2913 | D:3      | Killed Jessica
  3060 | D:3      | Noticed Natasha
  3065 | D:3      | Killed Natasha
  3065 | D:3      | Reached XP level 6. HP: 42/44 MP: 9/13
  3103 | D:3      | Noticed Natasha
  3111 | D:3      | Killed Natasha
  3419 | D:3      | Reached skill level 5 in Dodging
  3703 | D:2      | Found a white marble altar of Elyvilon.
  3705 | D:2      | Found an iron altar of Okawaru.
  3882 | D:4      | Reached XP level 7. HP: 35/50 MP: 6/15
  4336 | D:4      | Noticed a moth of wrath
  4339 | D:4      | Found a bloodstained altar of Trog.
  4457 | D:4      | Found Qocug's Weapon Emporium.
  4468 | D:4      | Noticed Menkaure
  4745 | D:4      | Noticed Dowan
  4756 | D:4      | Got a scorched leather armour
  4760 | D:4      | Identified the +1 leather armour of Ysaagiedd {Str+4} (You
                  | found it on level 4 of the Dungeon)
  4765 | D:4      | Learned a level 3 spell: Regeneration
  4770 | D:4      | Learned a level 4 spell: Animate Dead
  4782 | D:4      | Noticed Duvessa
  4792 | D:4      | Killed Dowan
  4832 | D:4      | Killed Duvessa
  4832 | D:4      | Reached skill level 5 in Stealth
  5154 | D:4      | Found a shadowy altar of Dithmenos.
  5197 | D:4      | You fall into a shaft and drop 3 floors!
  5221 | D:7      | Reached XP level 8. HP: 52/57 MP: 16/16
  5454 | D:6      | Learned a level 1 spell: Apportation
  5473 | D:5      | Entered Level 5 of the Dungeon
  5625 | D:5      | Found Qufack's Food Emporium.
  5917 | D:5      | Found a staircase to the Ecumenical Temple.
  5944 | Temple   | Entered the Ecumenical Temple
  6026 | Temple   | Became a worshipper of Cheibriados the Contemplative
  6306 | D:5      | Noticed Blork the orc
  6346 | D:5      | Killed Blork the orc
  6462 | D:5      | Reached XP level 9. HP: 41/65 MP: 10/18
  6843 | D:6      | Reached * piety under Cheibriados
  7577 | D:7      | Noticed a two-headed ogre
  7585 | D:7      | Killed a two-headed ogre
  7585 | D:7      | Reached skill level 8 in Necromancy
  7805 | D:8      | Reached skill level 5 in Invocations
  8246 | D:8      | Reached XP level 10. HP: 70/73 MP: 14/20
  8286 | D:8      | Learned a level 2 spell: Blink
  8390 | D:8      | Reached ** piety under Cheibriados
  8415 | D:8      | Found a runed translucent gate.
  8415 | D:8      | Found a runed translucent gate.
  8415 | D:8      | Found a runed translucent gate.
  8415 | D:8      | Noticed Caerwyn's ghost (novice VSFi)
  9077 | D:9      | Mangled by an orc warrior

Levels and vault maps discovered:
D:1:      dpeg_arrival_water_temple_mockup, layout_basic
D:2:      layout_loops_cross, nicolae_overflow_hidden_temple, first_ration,
          uniq_crazy_yiuf_cottage, uniq_robin
D:3:      layout_rooms, nicolae_qazlal_general_emergency, uniq_natasha,
          uniq_jessica, uniq_terence
D:4:      layout_cave_pools, kennysheep_little_box, tgw_trog, serial_shops,
          shop, serial_rivers, chequers_serial_rivers_marsh,
          chequers_serial_rivers_micro_e, chequers_serial_rivers_room_b,
          chequers_serial_rivers_micro_a, uniq_menkaure, uniq_duvessa
D:5:      layout_loops_ring, minmay_temple_entry_waves, serial_shops, shop,
          uniq_blork_the_orc
D:6:      layout_rooms
D:7:      layout_rooms
D:8:      layout_gridville, gammafunk_ghost_necromancy
D:9:      layout_basic, grunt_lair_entry_orc_guard_hut, hangedman_fish_farm
Temple:   regret_index_temple_generic_petals

Skill      XL: |  1  2  3  4  5  6  7  8  9 10 |
---------------+-------------------------------+-----
Spellcasting   | 5 6 7 |  7.1
Invocations    | 1 2 3 4 5 |  5.4
Fighting       | 1 2 3 4 |  4.9
Short Blades   | 1 2 3 4 |  4.9
Long Blades    | 1 2 3 4 |  4.9
Axes           | 1 2 3 4 |  4.9
Maces & Flails | 1 2 3 4 |  4.9
Polearms       | 1 2 3 4 |  4.9
Staves         | 1 2 3 4 |  4.9
Slings         | 1 2 3 4 |  4.9
Bows           | 1 2 3 4 |  4.9
Crossbows      | 1 2 3 4 |  4.9
Throwing       | 1 2 3 4 |  4.9
Armour         | 1 2 3 4 |  4.9
Shields        | 1 2 3 4 |  4.9
Unarmed Combat | 1 2 3 4 |  4.9
Evocations     | 1 2 3 4 |  4.9
Conjurations   | 1 2 3 4 |  4.1
Hexes          | 1 2 3 4 |  4.1
Charms         | 1 2 3 4 |  4.1
Summonings     | 1 2 3 4 |  4.1
Translocations | 1 2 3 4 |  4.1
Transmutations | 1 2 3 4 |  4.1
Fire Magic     | 1 2 3 4 |  4.1
Ice Magic      | 1 2 3 4 |  4.1
Air Magic      | 1 2 3 4 |  4.1
Earth Magic    | 1 2 3 4 |  4.1
Poison Magic   | 1 2 3 4 |  4.1
Dodging        | 5 6 |  6.8
Stealth        | 5 6 |  6.5
Necromancy     | 8 |  8.3

Action                   |  1- 3 |  4- 6 |  7- 9 | 10-12 || total
-------------------------+-------+-------+-------+-------++-------
Melee: Whip              |     1 |       |       |       ||     1
       Hand axe          |       |     1 |    16 |       ||    17
       Dagger            |       |       |    45 |       ||    45
       Bite              |       |       |    33 |     9 ||    42
       Punch             |       |       |     1 |       ||     1
       Short sword       |       |       |   132 |    79 ||   211
Throw: Stone             |    10 |     5 |    31 |    18 ||    64
       Javelin           |       |     4 |       |       ||     4
       Boomerang         |       |     2 |    47 |    12 ||    61
 Cast: Pain              |    55 |   104 |   139 |     5 ||   303
       Regeneration      |       |       |     6 |       ||     6
       Apportation       |       |       |    46 |    11 ||    57
Invok: Bend Time         |       |       |     2 |       ||     2
Evoke: Wand              |       |       |     7 |    11 ||    18
  Use: Scroll            |     1 |     4 |     8 |     1 ||    14
       Potion            |       |       |     1 |       ||     1
 Stab: Sleeping          |       |       |    13 |     1 ||    14
       Distracted        |       |       |     1 |       ||     1
       Paralysed         |       |       |     4 |       ||     4
  Eat: Chunk             |     2 |     7 |    12 |     1 ||    22
Armor: Robe              |     1 |     3 |    29 |       ||    33
       Leather armour    |       |       |    11 |    21 ||    32
Dodge: Dodged            |     4 |    13 |   160 |    41 ||   218
Block: Buckler           |       |       |    30 |    18 ||    48
